 Dungeon Crawl Stone Soup version 0.30.0-5-g1a98f26d00 (webtiles) character file.

Game seed: 12033752435928559365

8691 backslashecho the Carver (level 11, -9/75 HPs)
             Began as a Demonspawn Monk on May 9, 2023.
             Was an Elder of Ru.
             Mangled by a shadow (29 damage)
             ... on level 10 of the Dungeon.
             The game lasted 00:26:53 (8780 turns).

backslashecho the Carver (Demonspawn Monk)          Turns: 8780, Time: 00:26:54

Health: -9/75      AC: 10    Str: 18    XL:     11   Next: 13%
Magic:  11/11      EV:  2    Int: 11    God:    Ru [****..]
Gold:   253        SH:  0    Dex: 20    Spells: 8/10 levels left

rFire   + . .        a - +0 long sword
rCold   . . .        z - +0 buckler
rNeg    . . .        n - +3 leather armour {Will+}
rPois   .            w - +1 hat
rElec   .            (cloak unavailable)
rCorr   .            j - +0 pair of gloves
SInv    .            (no boots)
Will    +....        m - amulet of regeneration
Stlth   +            r - +6 ring of strength
HPRegen 1.12/turn    G - ring of protection from fire
MPRegen 0.12/turn

%: no passive effects
@: sleeping, wereblooded
A: thin metallic scales 1, (demonic guardian 2), ignite blood 1, hated by all,
disrupted magic 1, unskilled 1, weakness stinger 3
a: Renounce Religion, Draw Out Power, Power Leap


You were on level 10 of the Dungeon.
You worshipped Ru.
Ru was greatly pleased with you.
You visited 2 branches of the dungeon, and saw 11 of its levels.

You collected 649 gold pieces.
You spent 396 gold pieces at shops.

Inventory:

Hand Weapons
 a - a +0 long sword (weapon)
 b - a +0 dagger of electrocution
Missiles
 e - 29 poisoned darts (quivered)
 q - 2 throwing nets
 x - a curare-tipped dart
Armour
 d - an orb of light
 h - a +0 cloak
 j - a +0 pair of gloves (worn)
 n - a +3 leather armour of willpower (worn)
 w - a +1 hat (worn)
 z - a +0 buckler (worn)
 N - a +0 kite shield
Jewellery
 m - an amulet of regeneration (around neck)
 p - a ring of fire
 r - a +6 ring of strength (left hand)
 G - a ring of protection from fire (right hand)
 L - a ring of protection from fire
Wands
 y - a wand of roots (17)
 C - a wand of paralysis (13)
 H - a wand of flame (69)
Scrolls
 g - 3 scrolls of teleportation
 l - a scroll of poison
 o - 4 scrolls of identify
 t - 2 scrolls of amnesia
 u - 2 scrolls of blinking
 E - a scroll of acquirement
 F - a scroll of fear
 J - a scroll of enchant armour {unknown}
 K - a scroll of brand weapon {unknown}
 M - a scroll of summoning {unknown}
Potions
 c - a potion of ambrosia
 f - 2 potions of curing
 i - a potion of mutation
 k - 2 potions of haste
 s - a potion of lignification
 v - a potion of brilliance
 A - 2 potions of heal wounds {unknown}
 B - 2 potions of resistance
 D - a potion of berserk rage
 I - a potion of attraction {unknown}


   Skills:
 - Level 3.6 Fighting
 * Level 10.4 Long Blades
 + Level 7.4 Dodging
 + Level 4.9 Shields
 - Level 0.8 Unarmed Combat
 - Level 5.4 Transmutations


You had 8 spell levels left.
You knew the following spells:

 Your Spells              Type           Power      Damage    Failure   Level
a - Wereblood             Tmut           11%        N/A       13%         2

Your spell library contained the following spells:

 Spells                   Type           Power      Damage    Failure   Level
 Beastly Appendage        Tmut           22%        N/A       10%         1
 Sting                    Tmut/Pois      20%        1d4       26%         1
 Shock                    Conj/Air       0%         1d3       56%         1
 Spider Form              Tmut/Pois      5%         N/A       56%         3
 Poisonous Vapours        Pois/Air       0%         N/A       71%         2
 Inner Flame              Hex/Fire       0%         N/A       89%         3
 Swiftness                Air            0%         N/A       89%         3
 Airstrike                Air            0%         2d(0-16)  99%         4
 Olgreb's Toxic Radiance  Pois           0%         N/A       99%         4
 Yara's Violent Unravell  Hex/Tmut       2%         3d3       99%         5
 Fireball                 Conj/Fire      0%         3d3       100%        5
 Iskenderun's Battlesphe  Conj           0%         2d6       100%        5
 Conjure Ball Lightning   Conj/Air       0%         3x3d6     100%        6
 Enfeeble                 Hex            0%         N/A       100%        7
 Orb of Destruction       Conj           0%         9d5       100%        7


Dungeon Overview and Level Annotations

Branches:
Dungeon (10/15)            Temple (1/1) D:4
   Lair: D:8-11         Orc: D:9-12

Altars:
Ashenzari
Cheibriados
Dithmenos
Gozag
Kikubaaqudgha
Makhleb
Nemelex Xobeh
Okawaru
Qazlal
Ru
Sif Muna
Trog
Uskayaw
Vehumet
Wu Jian
Xom

Shops:
D:6 !=[   D:8 (

Annotations:
D:9 4 runed translucent doors


Innate Abilities, Weirdness & Mutations

You are partially covered in thin metallic scales. (AC +2)
((A demonic guardian rushes to your aid.))
Your demonic aura sometimes causes spilled blood to erupt in flames.
You are hated by all.
Your casting is slightly disrupted.
You are somewhat unskilled. (-1 Apt)
You have a sharp stinger which inflicts weakening toxins.


Message History

You redirect the dream sheep's attack!
The dream sheep bites the shadow.
The shadow slips into darkness.
The shadow flickers and vanishes!
Deactivating autopickup; reactivate with Ctrl-A.
The dream sheep bites you!
You wake up.
You take 11 damage, and have 64/75 hp.
You slash the dream sheep!
You feel a bit better.
You kill the dream sheep!
You regained 2 hp, and now have 66/75 hp.
You throw a poisoned dart.
The poisoned dart closely misses the dream sheep.
The shadow strikes at you from the darkness!
Reactivating autopickup.
You take 17 damage, and have 49/75 hp.
MASSIVE DAMAGE!!
You hit the shadow but do no damage.
You redirect the shadow's attack!
The shadow hits itself!
You hit the shadow but do no damage. You tail-slap the shadow.
The shadow is heavily damaged.
The shadow barely misses you.
You barely miss the shadow.
The shadow is heavily damaged.
The shadow hits you!
You take 7 damage, and have 44/75 hp.
You hit the shadow.
The shadow is heavily damaged.
The shadow misses you.
You slash the shadow!
The shadow is almost destroyed.
The shadow slips into darkness.
The shadow flickers and vanishes!
Deactivating autopickup; reactivate with Ctrl-A.
A dream sheep comes into view.
You closely miss something.
The shadow strikes at you from the darkness!
* * * LOW HITPOINT WARNING * * *
Reactivating autopickup.
The dream sheep bleats!
You take 31 damage, and have 15/75 hp.
MASSIVE DAMAGE!!
You howl as the wereblood boils in your veins!
The dream sheep shake their wool and sparkle.
You feel drowsy...
You fall asleep.
The shadow hits you.
The shadow slips into darkness.
The shadow flickers and vanishes!
Deactivating autopickup; reactivate with Ctrl-A.
You howl as the wereblood boils in your veins!
The shadow strikes at you from the darkness!
You die...

#...## #....# #...# #.##.#
#..[# #.##.##.# ##..#
#.......# #Y.# ######.##
#.## #.# ####### #Y#
#######.### ##.....###{#
#.......... #.####.##.@##
#.#####.##.
#.#....##...#####.#####.#
#.#.#....[...........##.##.
#.#....##...#####.##.##.##.
#......###### #.##.##.###
####.### #.......###
###.### ####......# #.))).#
#.####.# #.#)#.# ###.####.#


You could see 2 dream sheep.

Vanquished Creatures
  2 centaur warriors (D:9)
  A two-headed ogre (D:9)
  A kobold demonologist (D:7)
  A hornet (D:9)
  A dream sheep (D:10)
  Sigmund (D:6)
  2 wraiths
  9 yaks
  3 wyverns
  A vampire (D:10)
  2 steam dragons (D:8)
  A water moccasin (D:8)
  An acid dragon (D:9)
  A black bear (D:5)
  An orc warrior (D:10)
  2 ice beasts (D:8)
  3 sky beasts
  4 ogres
  2 centaurs
  A phantom (D:5)
  3 bullfrogs
  2 kobold brigands
  2 gnoll sergeants
  4 scorpions
  3 killer bees
  3 howler monkeys (D:8)
  3 jellies
  2 gnoll boudas
  An orc priest (D:9)
  2 sleepcaps
  3 iguanas
  7 orc wizards
  Robin (D:4)
  8 adders
  24 gnolls
  A white imp (D:6)
  An ufetubus (D:5)
  A dart slug (D:3)
  23 orcs
  10 ball pythons
  9 endoplasms
  3 giant cockroaches
  14 goblins
  12 hobgoblins
  4 jackals (D:3)
  3 quokkas
  9 bats
  5 frilled lizards
  14 kobolds
  9 rats
226 creatures vanquished.

Vanquished Creatures (collateral kills)
  Joseph (D:10)
  An ice beast (D:5)
  A kobold brigand (D:8)
  A killer bee (D:9)
  A sleepcap (D:6)
  A gnoll (D:7)
  A bat (D:1)
7 creatures vanquished.

Vanquished Creatures (others)
  An orc (D:8)
1 creature vanquished.

Grand Total: 234 creatures vanquished

Notes
Turn   | Place    | Note
-------+----------+-------------------------------------------
     0 | D:1      | backslashecho the Demonspawn Monk began the quest for the
                  | Orb.
     0 | D:1      | Reached XP level 1. HP: 18/18 MP: 1/1
     1 | D:1      | Noticed an electric eel
   107 | D:1      | Reached skill level 3 in Long Blades
   107 | D:1      | Gained mutation: A weak demonic guardian rushes to your
                  | aid. [demonic ancestry]
   107 | D:1      | Reached XP level 2. HP: 4/24 MP: 2/2
   237 | D:1      | Reached skill level 1 in Unarmed Combat
   325 | D:1      | Gained mutation: You are partially covered in thin metallic
                  | scales. (AC +2) [demonic ancestry]
   325 | D:1      | Reached XP level 3. HP: 25/29 MP: 3/3
   882 | D:2      | Gained mutation: Your demonic aura sometimes causes spilled
                  | blood to erupt in flames. [demonic ancestry]
   882 | D:2      | Reached XP level 4. HP: 32/35 MP: 4/4
  1409 | D:2      | Found a faded altar of an unknown god.
  1701 | D:3      | Reached skill level 4 in Long Blades
  1912 | D:3      | Found a hazy altar of Hepliaklqana.
  2293 | D:3      | Learned a level 2 spell: Wereblood
  2300 | D:3      | Gained mutation: You have a small tail. [demonic ancestry]
  2300 | D:3      | Reached XP level 5. HP: 42/42 MP: 5/5
  2726 | D:4      | Found a hide-covered altar of Uskayaw.
  2791 | D:4      | Found a staircase to the Ecumenical Temple.
  2808 | D:4      | Reached XP level 6. HP: 45/48 MP: 6/6
  2818 | Temple   | Entered the Ecumenical Temple
  3032 | D:4      | You fall into a shaft and drop 1 floor!
  3032 | D:5      | Entered Level 5 of the Dungeon
  3099 | D:4      | Noticed Robin
  3110 | D:4      | Killed Robin
  3580 | D:4      | Found a stormy altar of Qazlal.
  3799 | D:5      | Reached skill level 5 in Long Blades
  3826 | D:5      | Reached skill level 1 in Transmutations
  4102 | D:5      | Noticed an ice beast
  4113 | D:5      | Killed an ice beast
  4114 | D:5      | Gained mutation: You have a tail ending in a sharp stinger.
                  | [demonic ancestry]
  4114 | D:5      | Reached XP level 7. HP: 42/54 MP: 7/7
  4157 | D:5      | Found a sacrificial altar of Ru.
  4168 | D:5      | Became a worshipper of Ru the Awakened
  4176 | D:5      | Gained mutation: Your casting is slightly disrupted. [Ru
                  | sacrifice]
  4512 | D:5      | Reached skill level 6 in Long Blades
  4875 | D:6      | Found a broken altar of Ashenzari.
  5119 | D:6      | Found Jumpui's Jewellery Shop.
  5130 | D:6      | Found a shadowy altar of Dithmenos.
  5168 | D:6      | Found an ancient bone altar of Kikubaaqudgha.
  5211 | D:6      | Reached XP level 8. HP: 56/60 MP: 8/8
  5224 | D:6      | Noticed Sigmund
  5234 | D:6      | Killed Sigmund
  5403 | D:6      | Reached skill level 7 in Long Blades
  5403 | D:6      | Reached skill level 5 in Dodging
  5466 | D:6      | Found Siqal's Distillery.
  5528 | D:6      | Found Cetomokko's Armour Shop.
  5536 | D:6      | Bought a +3 leather armour of willpower for 264 gold pieces
  5906 | D:7      | Reached skill level 5 in Transmutations
  6061 | D:7      | Gained mutation: A demonic guardian rushes to your aid.
                  | [demonic ancestry]
  6061 | D:7      | Reached XP level 9. HP: 63/65 MP: 9/9
  6219 | D:7      | Noticed a kobold demonologist
  6230 | D:7      | Killed a kobold demonologist
  6231 | D:7      | Reached skill level 8 in Long Blades
  6301 | D:7      | Found a snail-covered altar of Cheibriados.
  6332 | D:7      | Gained mutation: You are somewhat unskilled. (-1 Apt) [Ru
                  | sacrifice]
  6332 | D:7      | Reduced skill Long Blades to level 7
  6332 | D:7      | Reduced skill Transmutations to level 5
  6332 | D:7      | Reached * piety under Ru
  6332 | D:7      | Reached ** piety under Ru
  6778 | D:8      | Reached skill level 1 in Shields
  6809 | D:8      | Reached skill level 8 in Long Blades
  6967 | D:8      | Found a shimmering altar of Xom.
  6967 | D:8      | Found a shimmering altar of Xom.
  6968 | D:8      | Found a shimmering altar of Xom.
  6968 | D:8      | Noticed an entropy weaver
  6969 | D:8      | Found a shimmering altar of Xom.
  6970 | D:8      | Found a shimmering altar of Xom.
  6970 | D:8      | Found a shimmering altar of Xom.
  6976 | D:8      | Found Emuar Xupama's Antique Weapon Boutique.
  7011 | D:8      | Gained mutation: You have a sharp stinger which inflicts
                  | weakening toxins. [demonic ancestry]
  7011 | D:8      | Reached XP level 10. HP: 70/70 MP: 2/10
  7024 | D:8      | an entropy weaver changed into a troll
  7080 | D:8      | Bought a glowing falchion for 132 gold pieces
  7460 | D:8      | Noticed a radroach
  7710 | D:9      | Noticed a two-headed ogre
  7714 | D:9      | Reached skill level 9 in Long Blades
  7753 | D:9      | Killed a two-headed ogre
  8023 | D:9      | Found a large runed translucent door.
  8024 | D:9      | Found a large runed translucent door.
  8048 | D:9      | Noticed a centaur warrior
  8055 | D:9      | Killed a centaur warrior
  8073 | D:9      | Identified a scroll of acquirement
  8077 | D:9      | Found a large runed translucent door.
  8077 | D:9      | Found a large runed translucent door.
  8098 | D:9      | Noticed a centaur warrior
  8121 | D:9      | Killed a centaur warrior
  8122 | D:9      | Reached skill level 10 in Long Blades
  8267 | D:9      | Found a burning altar of Makhleb.
  8431 | D:10     | Entered Level 10 of the Dungeon
  8431 | D:10     | Noticed Joseph
  8444 | D:10     | Killed Joseph
  8522 | D:10     | Reached XP level 11. HP: 65/75 MP: 11/11
  8584 | D:10     | Gained mutation: You are hated by all. [Ru sacrifice]
  8584 | D:10     | Reached *** piety under Ru
  8584 | D:10     | Reached **** piety under Ru
  8780 | D:10     | Mangled by a shadow

Illustrated notes

Levels and vault maps discovered:
D:1:      arrival_aquarium_a, layout_basic
D:2:      layout_basic, serial_corexii_hall, corexii_hall_statues_l,
          chequers_hall_statues_corner_a, hellmonk_ecumenical_altar_zigzags,
          minmay_tromino_v4_b
D:3:      layout_loops_ring, worldfamousw_hep_ancestral_shrine,
          kennysheep_cross_bottleneck, grunt_ministairs_6
D:4:      layout_basic, nicolae_uskayaw_murder_on_the_dancefloor,
          nicolae_qazlal_eye_of_the_storm, minmay_temple_entry_tees, uniq_robin
D:5:      layout_loops_corners, nicolae_ru_sacrificial_ziggurat,
          minmay_misc_feat_ornament, corexii_checkpoint_b, minivault_5,
          minivault_25, chequers_serial_rivers_small_b, minmay_gold_behind_fungi
D:6:      layout_rooms, mainiacjoe_overflow_catwalk, grunt_dithmenos_smoke,
          kennysheep_little_box, serial_shops, nicolae_shop_behind_doors, shop,
          nicolae_shop_peninsula, uniq_sigmund
D:7:      layout_basic, cheibriados_altar_1, nicolae_figureground_sparkle
D:8:      minmay_general_purpose_star, layout_rooms, xom_shifter_show,
          serial_shops, shop
D:9:      layout_small_grid, overflow_temple_1_default,
          minmay_hollow_rounded_squares
D:10:     layout_loops_cross, dpeg_oklobed_lair, hellmonk_guarded_unrand_night,
          uniq_joseph
Temple:   minmay_temple_bridge_abc

Skill      XL: |  1  2  3  4  5  6  7  8  9 10 |
---------------+-------------------------------+-----
Long Blades    | 3 4 5 6 7 8 10 | 10.4
Unarmed Combat | 1 0 |  0.8
Dodging        | 3 4 5 6 7 |  7.4
Fighting       | 4 3 |  3.6
Transmutations | 2 3 5 5 |  5.4
Shields        | 2 4 |  4.9

Action                     |  1- 3 |  4- 6 |  7- 9 | 10-12 || total
---------------------------+-------+-------+-------+-------++-------
  Melee: Falchion          |    86 |   172 |   214 |       ||   472
         Tailslap          |       |    15 |    63 |    41 ||   119
         Long sword        |       |       |    96 |   197 ||   293
         Dagger            |       |       |       |     6 ||     6
  Throw: Dart              |     3 |     7 |     3 |     9 ||    22
         Throwing net      |       |       |       |     2 ||     2
   Cast: Wereblood         |       |       |     7 |     5 ||    12
 Invoke: Sacrifice Essence |       |       |     1 |       ||     1
         Sacrifice Skill   |       |       |     1 |       ||     1
         Sacrifice Love    |       |       |       |     1 ||     1
  Evoke: Wand              |       |     1 |     4 |     5 ||    10
    Use: Scroll            |       |    13 |     6 |       ||    19
         Potion            |       |       |     2 |       ||     2
   Stab: Distracted        |       |     1 |     1 |     1 ||     3
         Sleeping          |       |     1 |       |       ||     1
         Paralysed         |       |       |       |     4 ||     4
         Held in net/web   |       |       |       |     1 ||     1
         Invisible         |       |       |       |     2 ||     2
 Armour: Robe              |    18 |    48 |    16 |       ||    82
         Leather armour    |       |       |    88 |    48 ||   136
  Dodge: Dodged            |    65 |   117 |   206 |   108 ||   496
  Block: Buckler           |       |       |    32 |    48 ||    80
